Map: Templo Congelado

Players

GSix

  • Race: Protoss Protoss
  • League: Master

TheZergLord - Winner!

  • Race: Zerg Zerg
  • League: Master

VOD

Have the link to the VOD?

Description

Time

  • Played on: April 26, 2016, 3:40 p.m.
  • Length: 9:40
Show
View Real Time Build Order
Export as new Build Order

GSix Protoss 

Build Orders:  

Get SALT Encoding   

  12  0:01  Probe (Chrono Boost)  
  13  0:11  Probe (Chrono Boost)  
  14  0:18  Pylon  
  14  0:23  Probe (Chrono Boost)  
  15  0:36  Probe (Chrono Boost)  
  16  0:44  Gateway  
  16  0:47  Probe (Chrono Boost)  
  17  0:51  Assimilator  
  17  1:00  Probe (Chrono Boost), Assimilator  
  18  1:20  Gateway  
  18  1:33  Cybernetics Core  
  18  1:34  Zealot (Chrono Boost)  
  18  1:39  Probe  
  21  1:51  Probe  
  22  2:03  Probe  
  23  2:19  Pylon  
  23  2:21  Pylon  
  23  2:24  Pylon  
  23  2:26  Pylon  
  23  2:33  Adept (Chrono Boost)  
  23  2:34  Pylon  
  23  2:37  Pylon  
  24  2:50  Pylon  
  24  2:57  Pylon  
  24  3:03  Adept (Chrono Boost)  
  23  3:13  Adept (Chrono Boost)  
  23  3:18  Warp Gate (Chrono Boost)  
  23  3:21  Probe  
  23  3:22  Stargate  
  24  3:39  Probe  
  25  3:50  Pylon  
  25  3:51  Probe  
  26  4:03  Probe  
  26  4:09  Pylon  
  27  4:10  Gateway  
  27  4:12  Gateway  
  27  4:26  Adept x2  
  27  4:30  Pylon  
  31  4:52  Nexus  
  31  5:09  Adept  
  31  5:10  Adept x2  
  37  5:26  Adept  
  39  5:33  Adept x2  
  43  5:48  Adept x2  
  43  6:02  Adept  
  43  6:03  Adept  
  43  6:13  Adept x2  
  41  6:30  Probe  
  36  6:37  Stargate  
  28  6:46  Probe  
  29  6:51  Stargate  
  29  6:52  Sentry x2  
  31  6:59  Probe  
  31  7:00  Probe (Chrono Boost)  
  31  7:12  Probe (Chrono Boost)  
  32  7:19  Probe (Chrono Boost)  
  32  7:22  Void Ray (Chrono Boost)  
  37  7:27  Probe  
  37  7:29  Mothership Core  
  40  7:47  Pylon  
  40  7:49  Void Ray (Chrono Boost)  
  38  8:11  Void Ray (Chrono Boost)  
  37  8:16  Probe  
  37  8:20  Probe  
  33  8:28  Probe  
  33  8:30  Probe  
  34  8:44  Void Ray (Chrono Boost)  
  38  9:04  Adept x2  
  46  9:30  Adept  
Show
View Real Time Build Order
Export as new Build Order

TheZergLord Zerg - Winner!

Build Orders: Pool First 

Get SALT Encoding   

  12  0:01  Drone  
  13  0:09  Drone  
  14  0:26  Spawning Pool  
  13  0:30  Drone  
  14  0:40  Extractor x2  
  14  0:41  Drone x2  
  14  0:47  Overlord  
  16  1:14  Zergling x6  
  19  1:27  Hatchery  
  19  1:30  Zergling x2  
  19  1:33  Queen  
  19  1:37  Drone  
  22  1:48  Overlord  
  21  2:22  Drone x3  
  24  2:46  Drone x2  
  24  2:47  Drone  
  24  2:50  Queen, Drone  
  30  2:56  Drone  
  30  3:07  Drone x2  
  30  3:11  Drone  
  32  3:14  Queen  
  34  3:25  Drone  
  35  3:31  Hatchery  
  35  3:33  Overlord  
  33  3:35  Drone x2  
  35  3:42  Overlord  
  35  3:45  Extractor  
  35  3:46  Extractor  
  33  3:52  Drone x6  
  39  3:56  Drone x2  
  41  4:06  Drone x2  
  43  4:15  Drone x3  
  43  4:16  Drone  
  47  4:20  Spore Crawler  
  46  4:24  Drone x3, Spore Crawler  
  46  4:25  Drone  
  49  4:35  Roach Warren  
  48  4:39  Drone x3  
  48  4:41  Lair  
  51  4:46  Queen, Spore Crawler  
  52  4:55  Metabolic Boost  
  52  4:58  Zergling x2  
  53  5:02  Overlord  
  53  5:06  Drone x5  
  58  5:16  Overlord x3  
  57  5:22  Roach x3  
  57  5:23  Roach  
  65  5:32  Overlord  
  65  5:33  Overlord x3  
  62  5:37  Roach x2  
  62  5:38  Roach  
  60  6:00  Roach x2  
  60  6:01  Roach x4  
  68  6:09  Roach  
  67  6:18  Glial Reconstitution  
  57  6:43  Drone x6  
  62  6:58  Drone x3  
  62  6:59  Drone  
  66  7:05  Drone x3  
  66  7:06  Drone x2  
  72  7:15  Drone x2  
  73  7:25  Drone  
  73  7:26  Queen x3  
  80  7:44  Drone x4  
  80  7:45  Drone x2  
  80  7:48  Extractor x2  
  82  8:11  Drone  
  82  8:12  Drone x7  
  84  8:13  Drone  
  84  8:15  Hydralisk Den  
  76  8:28  Drone x2  
  76  8:29  Drone  
  76  8:32  Extractor x2  
  75  8:35  Drone  
  75  8:36  Drone x2  
  75  8:37  Evolution Chamber  
  75  8:39  Hatchery  
  74  8:45  Hydralisk x3  
  80  9:03  Hydralisk x6  
  80  9:09  Hydralisk  
  92  9:10  Hydralisk  
  96  9:20  Zergling x8  
  104  9:25  Drone  
Tags
 
Add a new tag
Caveats
  • Supply blocks, unpowered buildings, or Contaminate may cause inaccurate times.
  • Supply counts are checked every 10 seconds.